 Dungeon Crawl Stone Soup version 0.22-a0-265-g0d8bc90 (webtiles) character file.

678 Amnesiac the Ducker (level 7, -3/43 HPs)
             Began as a Deep Elf Wizard on Mar 6, 2018.
             Slain by Blork the orc
             ... wielding a cursed -3 trident
              (10 damage)
             ... on level 4 of the Dungeon.
             The game lasted 00:10:30 (5110 turns).

Amnesiac the Ducker (Deep Elf Wizard)               Turns: 5110, Time: 00:10:31

Health: -3/43      AC:  3    Str:  4    XL:     7   Next: 34%
Magic:  0/15       EV: 16    Int: 25    God:
Gold:   192        SH:  0    Dex: 13    Spells: 4/15 levels left

rFire    + + .     SeeInvis .   q - +2 dagger (protect)
rCold    + + .     Gourm    .   (no shield)
rNeg     . . .     Faith    .   a - +0 robe
rPois    +         Spirit   .   (no helmet)
rElec    +         Reflect  .   s - scarf {rC+ rF+}
rCorr    +         Harm     .   (no gloves)
MR       .....                  (no boots)
Stlth    ++........             p - amulet of the acrobat
HPRegen  0.14/turn              e - +1 ring of protection
MPRegen  0.14/turn              (no ring)

@: resistant
A: no striking features
a: no special abilities


You were on level 4 of the Dungeon.
You were hungry.

You visited 1 branch of the dungeon, and saw 4 of its levels.

You collected 192 gold pieces.

Inventory:

Hand Weapons
 f - a +0 spear
 q - a +2 dagger of protection (weapon)
 r - a +0 hunting sling
Missiles
 c - 16 poisoned needles
 g - 175 stones (quivered)
Armour
 a - a +0 robe (worn)
 b - a +0 hat
 n - a +0 shield
 s - a scarf of resistance (worn)
Jewellery
 e - a +1 ring of protection (left hand)
 p - an amulet of the acrobat (around neck)
Wands
 u - a wand of polymorph (6)
Scrolls
 h - 2 scrolls of identify {!r}
 i - a scroll of teleportation {!r, unknown}
 j - 5 scrolls of remove curse {!r}
 k - 2 scrolls of magic mapping {!r, unknown}
 l - a scroll of noise {!r, unknown}
 m - a scroll of fear {!r, unknown}
Potions
 o - a potion of mutation {!q}
 v - 2 potions of degeneration {!q}
 w - a potion of lignification {!q, unknown}
 x - 2 potions of brilliance {!q, unknown}
Comestibles
 d - 10 rations


   Skills:
 - Level 4.0 Fighting
 + Level 7.6 Dodging
 - Level 2.4 Stealth
 - Level 4.5 Spellcasting
 - Level 1.5 Conjurations
 - Level 1.1 Summonings
 - Level 1.1 Translocations


You had 4 spell levels left.
You knew the following spells:

 Your Spells              Type           Power        Failure   Level  Hunger
a - Magic Dart            Conj           ##..         4%          1    None
e - Mephitic Cloud        Conj/Pois/Air  #.......     21%         3    ##.....
f - Call Imp              Summ           ##......     9%          2    None
s - Conjure Flame         Conj/Fire      #.......     19%         3    ##.....
v - Blink                 Tloc           N/A          9%          2    None


Dungeon Overview and Level Annotations

Branches:
Dungeon (4/15)
 Temple: D:4-7

Altars:
Gozag
Nemelex Xobeh
Ru
Trog
Xom

Annotations:
D:4 Blork the orc


Message History

Blork the orc hits you with an enchanted trident!
You hit Blork the orc but do no damage.
Blork the orc is heavily wounded.
Blork the orc points at you and mumbles some strange words.
The puff of flame hits you! You resist.
You hit Blork the orc.
Blork the orc is heavily wounded.
Blork the orc barely misses you.
Casting: Magic Dart (safe; 4% risk of failure)
Confirm with . or Enter, or press ? or * to list all spells.
Aiming: Magic Dart (safe; 4% risk of failure)
Press: ? - help, Shift-Dir - straight line, f/p - Blork the orc
Aim: Blork the orc, wielding an enchanted trident and wearing a robe (heavily wounded, fast)
The magic dart hits Blork the orc.
Blork the orc is severely wounded.
Blork the orc misses you. Blork the orc barely misses you.
You hit Blork the orc.
Blork the orc is severely wounded.
Blork the orc barely misses you.
You hit Blork the orc.
Blork the orc is severely wounded.
Blork the orc begins to cast a cantrip, but forgets the words!
Blork the orc casts a spell at you. The puff of frost hits you! You resist.
Your magical contamination has completely faded away.
You hit Blork the orc.
Blork the orc is severely wounded.
Blork the orc screams, "I'm going to kill you!"
Blork the orc casts a spell at you. The puff of flame misses you.
You hit Blork the orc but do no damage.
Blork the orc is severely wounded.
Blork the orc gestures at you while chanting.
The puff of frost misses you.
Blork the orc gestures wildly while chanting.
Blork the orc flickers and vanishes!
Deactivating autopickup; reactivate with Ctrl-A.
You barely miss something. Something barely misses you.
You closely miss something. Something hits you.
Casting: Magic Dart (safe; 4% risk of failure)
Confirm with . or Enter, or press ? or * to list all spells.
Aiming: Magic Dart (safe; 4% risk of failure)
Press: ? - help, Shift-Dir - straight line The magic dart hits something.
Something hits you but does no damage. Something barely misses you.
You barely miss something. Something hits you.
* * * LOW HITPOINT WARNING * * *
You closely miss something. Something hits you.
* * * LOW HITPOINT WARNING * * *
Something hits you.
* * * LOW HITPOINT WARNING * * *
You hit something.
Your weapon exudes an aura of protection.
You hear some strange, mumbled words.
Casting: Magic Dart (safe; 4% risk of failure)
Confirm with . or Enter, or press ? or * to list all spells.
Okay, then.
You closely miss something. Something hits you.
* * * LOW HITPOINT WARNING * * *
Really quaff
t - a puce potion {!q}?
It was a potion of resistance {!q}.
You feel protected. Something hits you but does no damage. Something hits you!
You die...

.........#############'## #
..........##.............# #
..........##.............# ###
............##.............# #.#
............##............####..
............##.......#.......#.#
...........##.......#.......#.'
#........# #.......#.......###
#........# #{@.....#.......# #
#........# #....[..#.......# #
#........# ####.####.......#
'........# #.....o........#
#......o.####.#............###
..............(.................
.#####.########.................
#. ########.......### #.
#.......#


There were no monsters in sight!

Vanquished Creatures
  The ghost of Fingolfin the Ruffian, an amateur TrTm (D:4)
  A howler monkey (D:4)
  A hound (D:3)
  An orc wizard (D:4)
  A bullfrog skeleton (D:4)
  An iguana (D:4)
  Terence (D:3)
  Natasha (twice) (D:3)
  A hound skeleton (D:4)
  A mummy (D:4)
  4 adders
  An adder skeleton (D:4)
  3 worms
  2 dart slugs (D:1)
  A leopard gecko (D:4)
  3 orcs
  A ball python (D:4)
  2 giant cockroaches (D:3)
  6 goblins
  7 hobgoblins
  2 jackals (D:1)
  A quokka (D:4)
  3 bats
  3 frilled lizards
  2 hobgoblin zombies (D:4)
  5 kobolds
  A kobold zombie (D:4)
  An orc zombie (D:4)
  4 rats
63 creatures vanquished.

Vanquished Creatures (collateral kills)
  Grinder (D:3)
  Natasha (D:3)
  A worker ant (D:4)
3 creatures vanquished.

Vanquished Creatures (others)
  An orc wizard (D:4)
1 creature vanquished.

Grand Total: 67 creatures vanquished

Notes
Turn   | Place    | Note
-------+----------+-------------------------------------------
     0 | D:1      | Amnesiac the Deep Elf Wizard began the quest for the Orb.
     0 | D:1      | Reached XP level 1. HP: 10/10 MP: 7/7
   441 | D:1      | Reached XP level 2. HP: 16/16 MP: 7/9
   468 | D:1      | Reached skill level 1 in Fighting
   827 | D:1      | Reached skill level 3 in Dodging
  1459 | D:2      | Reached XP level 3. HP: 11/20 MP: 9/11
  1905 | D:2      | Found a sacrificial altar of Ru.
  2008 | D:3      | Learned a level 2 spell: Blink
  2032 | D:3      | Reached XP level 4. HP: 9/26 MP: 0/12
  2120 | D:3      | Learned a level 3 spell: Mephitic Cloud
  2124 | D:3      | Learned a level 3 spell: Conjure Flame
  2127 | D:3      | Learned a level 2 spell: Call Imp
  2208 | D:3      | Reached skill level 4 in Dodging
  2389 | D:3      | Noticed Grinder
  2415 | D:3      | Paralysed by Grinder for 3 turns
  2426 | D:3      | Killed Grinder
  2426 | D:3      | Reached skill level 6 in Dodging
  2426 | D:3      | Reached XP level 5. HP: 30/30 MP: 3/13
  2513 | D:3      | Noticed Natasha
  2527 | D:3      | Killed Natasha
  2884 | D:3      | Found an opulent altar of Gozag.
  2885 | D:3      | Found a bloodstained altar of Trog.
  2932 | D:3      | Noticed Terence
  3383 | D:4      | Noticed a phantom
  3402 | D:4      | Reached XP level 6. HP: 27/36 MP: 1/14
  3809 | D:3      | Noticed Natasha
  3819 | D:3      | Killed Terence
  3925 | D:3      | Killed Natasha
  3942 | D:3      | Noticed Natasha
  3953 | D:3      | Killed Natasha
  4346 | D:4      | Found a shimmering altar of Xom.
  4384 | D:4      | Found a sparkling altar of Nemelex Xobeh.
  4478 | D:4      | Noticed Fingolfin's ghost (amateur TrTm)
  4496 | D:4      | Killed Fingolfin's ghost
  4496 | D:4      | Reached skill level 7 in Dodging
  4496 | D:4      | Reached XP level 7. HP: 32/43 MP: 1/15
  5066 | D:4      | Noticed Blork the orc
  5110 | D:4      | Slain by Blork the orc

Vault maps used:
D:1:      mrwooster_arrival_statue_2, minmay_cut_off
D:2:      hangedman_abyss_or_decor_stabs, corexii_hall_statues_s,
          nicolae_ru_path_of_blood
D:3:      gammafunk_temple_overflow_pools, uniq_terence, uniq_grinder,
          uniq_natasha
D:4:      xom_redecorated, nemelex_xobeh_ov_fountains_minmay, first_ration,
          minmay_mini_ossuary, uniq_blork_the_orc

Skill      XL: |  1  2  3  4  5  6 |
---------------+-------------------+-----
Fighting       | 1 2 4 |  4.0
Dodging        | 3 6 7 |  7.6
Stealth        | |  2.4
Spellcasting   | |  4.5
Conjurations   | |  1.5
Summonings     | |  1.1
Translocations | |  1.1

Action                   |  1- 3 |  4- 6 |  7- 9 || total
-------------------------+-------+-------+-------++-------
Melee: Dagger            |       |       |    18 ||    18
 Fire: Hunting sling     |    27 |    54 |    13 ||    94
 Cast: Magic Dart        |    82 |   134 |    56 ||   272
       Blink             |     1 |       |       ||     1
       Call Imp          |       |     7 |       ||     7
       Conjure Flame     |       |     4 |     1 ||     5
       Mephitic Cloud    |       |     2 |     2 ||     4
  Use: Scroll            |     2 |       |       ||     2
       Potion            |     2 |       |     1 ||     3
  Eat: Chunk             |     3 |     4 |     2 ||     9
       Ration            |       |     1 |       ||     1
Armor: Robe              |     9 |    13 |     2 ||    24
Dodge: Dodged            |    38 |    77 |    26 ||   141

Table legend:
 A = Spawn XP
 B = Non-spawn XP
 C = Spawn XP percentage of total XP
 D = Spawn monster count
 E = Non-spawn monster count
 F = Spawn count percentage of total count
 G = Total turns spent on level
                    A         B        C        D         E        F      G
               +---------+---------+-------+---------+---------+-------+---------
         Total |       0 |     969 |   0.0 |       0 |      67 |   0.0 |  5110
               +---------+---------+-------+---------+---------+-------+---------
           D:1 |       0 |      31 |   0.0 |       0 |      17 |   0.0 |  1119
           D:2 |       0 |      30 |   0.0 |       0 |       8 |   0.0 |   848
           D:3 |       0 |     408 |   0.0 |       0 |      21 |   0.0 |  1862
           D:4 |       0 |     500 |   0.0 |       0 |      21 |   0.0 |  1281
               +---------+---------+-------+---------+---------+-------+---------
